 Dungeon Crawl Stone Soup version 0.28-a0-245-g639a1a48b9 (webtiles) character file.

Game seed: 13807298115776310280

18 theanonym the Magician (level 2, 0/20 HPs)
             Began as a Mummy Enchanter on Aug 25, 2021.
             Slain by a kobold (1 damage)
             ... on level 1 of the Dungeon.
             The game lasted 00:00:45 (743 turns).

theanonym the Magician (Mummy Enchanter)             Turns: 743, Time: 00:00:45

Health: 0/20       AC:  2    Str: 11    XL:     2   Next: 51%
Magic:  6/6        EV: 12    Int: 14    God:
Gold:   13         SH:  0    Dex: 12    Spells: 7/7 levels left

rFire   x . .      SeeInvis +   a - +1 dagger
rCold   + . .      Faith    .   (no shield)
rNeg    + + +      Spirit   .   b - +0 robe
rPois   ∞          Reflect  .   (no helmet)
rElec   .          Harm     .   (no cloak)
rCorr   .          Rampage  .   (no gloves)
Will    .....                   (no boots)
Stlth   ++........              (no amulet)
HPRegen 0.06/turn               c - ring of see invisible
MPRegen 0.10/turn               (no ring)

@: no status effects
A: cold resistance 1, negative energy resistance 3, torment resistance 2, heat
vulnerability 1, no potions
a: no special abilities


Innate Abilities, Weirdness & Mutations

You are immune to poison.
Your flesh is cold resistant. (rC+)
You are immune to negative energy. (rN+++)
You are immune to unholy pain and torment.
You are vulnerable to heat. (rF-)
You do not drink.


   Skills:
 + Level 0.9 Fighting
 + Level 1.2 Short Blades
 - Level 1.5 Dodging
 - Level 2.4 Stealth
 + Level 3.0 Spellcasting
 + Level 2.9 Hexes


You had 7 spell levels left.
You didn't know any spells.
Your spell library contained the following spells:

 Spells                   Type           Power      Damage    Failure   Level
 Ensorcelled Hibernation  Hex/Ice        12%        N/A       17%         2
 Confusing Touch          Hex            10%        N/A       19%         3
 Tukima's Dance           Hex            10%        N/A       19%         3
 Dazzling Flash           Conj/Hex       12%        N/A       34%         3

Skill      XL: |  1  2 |
---------------+-------+-----
Short Blades   | 1 |  1.2
Spellcasting   | 3 |  3.0
Fighting       | |  0.9
Dodging        | |  1.5
Stealth        | |  2.4
Hexes          | |  2.9

Action                   || total
-------------------------++-------
Melee: Dagger            ||    76
 Stab: Sleeping          ||     3
Armor: Robe              ||    17
Dodge: Dodged            ||    52

Inventory:

Hand Weapons
 a - a +1 dagger (weapon)
Armour
 b - a +0 robe (worn)
Jewellery
 c - a ring of see invisible (left hand)


You were on level 1 of the Dungeon.
You visited 1 branch of the dungeon, and saw 1 of its levels.

You collected 13 gold pieces.

Dungeon Overview and Level Annotations

Branches:
Dungeon (1/15)

Altars:

#####.....######.##..#
#.....# #.##..# #.....#
####.##..### #.....#
#..........# #.....#
#.##..#..#.# ##...##
#.##..#..#.### #....#
#.##.....#....
#.#w#####.###.#.##..## #
#..SK@..#.###.#.....# ..
#..####.#..........##
##.###..####.#.......####
......g.S....#.#####.#
##.#.....#...#. #.#
#.....#..... #.#
#.>.......#. #.#
#....$##.## #.# #.......
# ..#


You could see a dart slug, a ball python and a kobold.

Notes
Turn   | Place    | Note
-------+----------+-------------------------------------------
     0 | D:1      | theanonym the Mummy Enchanter began the quest for the Orb.
     0 | D:1      | Reached XP level 1. HP: 13/13 MP: 4/4
   136 | D:1      | HP: 6/13 [giant cockroach (2)]
   380 | D:1      | Reached skill level 1 in Short Blades
   502 | D:1      | Reached XP level 2. HP: 20/20 MP: 5/5
   506 | D:1      | Reached skill level 3 in Spellcasting
   726 | D:1      | HP: 10/20 [frilled lizard (1)]
   727 | D:1      | HP: 4/20 [frilled lizard (3)]
   730 | D:1      | HP: 1/20 [constriction (1)]
   743 | D:1      | Slain by a kobold

Vanquished Creatures
  A dart slug (D:1)
  An endoplasm (D:1)
  A giant cockroach (D:1)
  3 goblins (D:1)
  2 hobgoblins (D:1)
  2 jackals (D:1)
  3 ball pythons (D:1)
  A frilled lizard (D:1)
  A rat (D:1)
15 creatures vanquished.

Table legend: (Time is in decaauts)
 A = Elapsed time spent in this place.
 B = Non-inter-level travel time spent in this place.
 C = Inter-level travel time spent in this place.
 D = Time resting spent in this place.
 E = Time spent auto-exploring this place.
 F = Levels seen in this place.
 G = Mean time per level.
                   A        B        C        D        E       F      G
               +--------+--------+--------+--------+--------+-----+--------+
         Total |    738 |    738 |      0 |    333 |    262 |   1 |  738.0 |
       Dungeon |    738 |    738 |      0 |    333 |    262 |   1 |  738.0 |
               +--------+--------+--------+--------+--------+-----+--------+

Top non-repeatable levels by time:
     D:1: 738 daAuts
